Map: 2000 Atmospheres LE

Players

Kohlroulade - Winner!

  • Race: Protoss Protoss
  • League: Diamond

SilentFate

  • Race: Zerg Zerg
  • League: Master

VOD

Have the link to the VOD?

Description

Time

  • Played on: March 19, 2022, 3:50 a.m.
  • Length: 12:58
Show
View Real Time Build Order
Export as new Build Order

Kohlroulade Protoss - Winner!

Build Orders: 1 Gate Expand, Oracle Opening, Carriers 

Get SALT Encoding   

  12  0:00  Probe  
  13  0:12  Probe  
  14  0:19  Pylon  
  14  0:24  Probe  
  15  0:37  Gateway  
  15  0:41  Probe (Chrono Boost)  
  16  0:46  Assimilator  
  16  0:51  Probe (Chrono Boost)  
  16  0:56  Probe (Chrono Boost)  
  18  1:07  Probe  
  19  1:19  Probe  
  20  1:29  Nexus  
  20  1:40  Cybernetics Core  
  20  1:44  Probe  
  21  1:53  Pylon  
  21  1:56  Probe (Chrono Boost)  
  21  1:59  Assimilator  
  22  2:08  Probe (Chrono Boost)  
  23  2:12  Probe (Chrono Boost)  
  24  2:16  Adept  
  26  2:24  Stargate  
  26  2:26  Probe  
  27  2:31  Warp Gate  
  27  2:39  Probe (Chrono Boost)  
  27  2:42  Gateway  
  28  2:44  Probe (Chrono Boost)  
  30  2:54  Shield Battery  
  30  2:57  Probe (Chrono Boost)  
  31  2:58  Probe (Chrono Boost)  
  31  3:04  Oracle (Chrono Boost)  
  31  3:06  Probe  
  31  3:09  Probe  
  36  3:13  Assimilator  
  36  3:18  Probe  
  37  3:21  Probe  
  38  3:30  Probe  
  38  3:31  Oracle (Chrono Boost)  
  38  3:33  Probe  
  43  3:42  Probe, Assimilator  
  43  3:43  Pylon  
  43  3:45  Probe  
  45  3:48  Pylon  
  45  3:56  Probe  
  46  4:05  Phoenix  
  46  4:08  Stargate  
  48  4:11  Probe (Chrono Boost)  
  48  4:15  Probe (Chrono Boost)  
  50  4:23  Probe (Chrono Boost)  
  52  4:26  Probe (Chrono Boost)  
  52  4:30  Phoenix  
  54  4:34  Protoss Air Weapons Level 1 (Chrono Boost)  
  54  4:41  Adept x2  
  57  4:54  Probe  
  57  4:55  Phoenix  
  60  5:02  Phoenix  
  62  5:07  Nexus  
  62  5:13  Pylon  
  62  5:14  Pylon  
  62  5:22  Pylon  
  62  5:23  Pylon  
  62  5:31  Phoenix x2, Probe x2  
  68  5:43  Probe (Chrono Boost)  
  68  5:49  Probe (Chrono Boost)  
  70  5:51  Fleet Beacon  
  70  5:53  Probe (Chrono Boost)  
  70  5:56  Phoenix  
  74  5:57  Probe (Chrono Boost)  
  74  5:58  Probe (Chrono Boost)  
  75  6:05  Phoenix  
  75  6:08  Probe  
  75  6:10  Probe  
  79  6:21  Phoenix  
  79  6:25  Probe x2  
  83  6:30  Phoenix  
  85  6:36  Probe  
  85  6:37  Probe x2  
  88  6:41  Assimilator  
  88  6:43  Assimilator  
  88  6:44  Stargate  
  88  6:46  Phoenix  
  90  6:55  Phoenix  
  90  7:01  Probe  
  93  7:08  Probe x2  
  95  7:13  Probe  
  98  7:20  Probe x2  
  98  7:21  Carrier (Chrono Boost)  
  104  7:27  Pylon  
  104  7:28  Pylon  
  104  7:30  Pylon  
  104  7:31  Probe  
  104  7:32  Shield Battery  
  104  7:34  Shield Battery  
  104  7:36  Probe  
  106  7:42  Carrier (Chrono Boost)  
  106  7:45  Carrier (Chrono Boost)  
  106  7:51  Probe x3  
  121  8:03  Probe x3  
  124  8:15  Probe x3  
  124  8:16  Carrier (Chrono Boost)  
  133  8:22  Protoss Air Weapons Level 2 (Chrono Boost)  
  133  8:31  Pylon x2  
  132  8:46  Pylon x2  
  132  8:47  Carrier x2 (Chrono Boost), Probe  
  133  8:49  Probe  
  133  8:51  Pylon  
  133  8:53  Pylon  
  133  8:54  Pylon  
  146  8:58  Probe  
  146  8:59  Nexus  
  147  9:07  Carrier (Chrono Boost)  
  145  9:24  Probe x3  
  148  9:36  Pylon, Probe  
  149  9:38  Shield Battery  
  149  9:40  Shield Battery  
  149  9:41  Cybernetics Core, Carrier (Chrono Boost)  
  161  9:46  Carrier (Chrono Boost), Assimilator  
  161  9:51  Assimilator  
  161  9:56  Robotics Facility  
  161  10:00  Probe  
  161  10:01  Carrier (Chrono Boost), Probe  
  169  10:10  Probe  
  170  10:24  Pylon  
  170  10:25  Pylon  
  170  10:26  Stargate x2  
  170  10:29  Mothership (Chrono Boost)  
  178  10:46  Carrier  
  184  10:52  Carrier  
  190  11:02  Carrier  
  190  11:21  Carrier  
  182  11:34  Carrier  
  177  11:42  Probe x2  
  170  11:54  Probe x3  
  173  12:06  Probe x3  
  182  12:16  Probe  
  182  12:18  Probe x3  
  196  12:28  Probe  
  197  12:30  Probe  
Show
View Real Time Build Order
Export as new Build Order

SilentFate Zerg 

Build Orders: Hatch First 

Get SALT Encoding   

  12  0:01  Drone  
  13  0:12  Overlord  
  13  0:16  Drone  
  14  0:30  Drone  
  14  0:31  Drone  
  16  0:49  Hatchery  
  15  0:52  Drone  
  16  0:57  Drone  
  16  0:59  Drone  
  18  1:11  Extractor  
  18  1:14  Spawning Pool  
  18  1:17  Drone  
  17  1:22  Drone  
  18  1:29  Drone  
  19  1:42  Drone  
  20  1:51  Overlord  
  20  2:02  Queen x2  
  20  2:03  Zergling x4  
  26  2:11  Drone  
  26  2:13  Drone  
  26  2:14  Metabolic Boost  
  28  2:22  Drone  
  29  2:28  Drone  
  30  2:36  Drone  
  31  2:38  Hatchery  
  30  2:45  Drone  
  30  2:49  Drone  
  30  2:51  Overlord  
  32  2:55  Queen  
  32  2:57  Drone  
  35  2:59  Drone  
  36  3:11  Overlord  
  36  3:12  Drone x2  
  38  3:14  Drone x2  
  38  3:18  Drone x2  
  42  3:23  Queen  
  44  3:27  Overlord  
  44  3:30  Drone  
  45  3:36  Spore Crawler  
  45  3:39  Spore Crawler  
  45  3:41  Drone x3  
  46  3:47  Drone  
  47  3:51  Queen  
  49  3:57  Drone x5  
  54  4:04  Drone x2, Spore Crawler  
  55  4:10  Overlord, Drone  
  55  4:12  Queen  
  55  4:13  Drone  
  59  4:17  Drone  
  59  4:22  Drone x2  
  59  4:23  Drone  
  63  4:26  Drone x2  
  63  4:27  Overlord  
  62  4:41  Lair  
  62  4:44  Overlord  
  62  4:45  Drone x5  
  63  4:46  Roach Warren, Drone  
  67  4:56  Queen, Overlord  
  67  4:59  Zergling x8  
  72  5:02  Overlord  
  72  5:03  Zergling x4  
  74  5:13  Overlord  
  74  5:15  Overlord  
  74  5:16  Drone x3  
  74  5:17  Drone  
  74  5:19  Drone x4, Extractor  
  74  5:20  Extractor x2  
  79  5:22  Extractor  
  79  5:23  Overlord  
  78  5:35  Drone x4  
  81  5:40  Drone x2  
  82  5:47  Extractor  
  82  5:50  Drone x3  
  82  5:51  Drone  
  82  5:54  Overlord, Drone  
  82  5:56  Overlord, Drone x3  
  89  5:59  Drone  
  89  6:00  Evolution Chamber  
  89  6:02  Hatchery  
  88  6:11  Hydralisk Den  
  88  6:16  Overlord x2  
  88  6:17  Overlord  
  87  6:18  Spore Crawler  
  86  6:27  Drone x11  
  97  6:35  Overlord  
  97  6:36  Overlord, Glial Reconstitution  
  97  6:48  Spore Crawler  
  92  6:57  Hydralisk x2  
  92  6:58  Hydralisk x11  
  116  7:02  Zerg Missile Weapons Level 1  
  116  7:03  Grooved Spines  
  111  7:25  Hydralisk x8  
  111  7:28  Drone x2  
  129  7:31  Drone x3  
  129  7:35  Queen, Drone  
  135  7:39  Drone x2  
  135  7:40  Drone x2  
  135  7:43  Evolution Chamber  
  137  7:49  Drone x2  
  137  7:50  Drone  
  138  7:53  Spore Crawler  
  138  7:54  Spore Crawler  
  138  7:57  Drone x7  
  143  8:05  Drone x5  
  146  8:06  Baneling Nest  
  146  8:07  Extractor  
  146  8:08  Overlord, Extractor  
  146  8:09  Overlord  
  143  8:14  Muscular Augments  
  143  8:16  Spore Crawler  
  143  8:17  Drone  
  143  8:18  Drone x2  
  143  8:19  Hydralisk x2  
  149  8:24  Spore Crawler  
  144  8:27  Spore Crawler  
  144  8:30  Drone x2  
  144  8:31  Overlord, Drone  
  144  8:32  Zerg Ground Armor Level 1  
  145  8:37  Overlord x2  
  145  8:38  Lurker Den  
  144  8:42  Spore Crawler  
  144  8:43  Spore Crawler  
  144  8:44  Drone x2, Spore Crawler  
  143  8:50  Hydralisk  
  143  8:51  Hydralisk x2  
  148  9:03  Hydralisk x6  
  130  9:19  Hydralisk x8  
  134  9:26  Zerg Missile Weapons Level 2  
  134  9:28  Spire  
  131  9:35  Hydralisk x4  
  139  9:45  Drone x3  
  142  9:46  Drone  
  142  9:49  Hydralisk x2  
  142  9:50  Hatchery  
  146  10:14  Drone x10, Hydralisk x6  
  150  10:15  Hydralisk x2  
  172  10:28  Zerg Ground Armor Level 2  
  172  10:32  Infestation Pit  
  171  10:36  Extractor x2  
  171  10:38  Hydralisk x8  
  185  10:46  Zerg Flyer Weapons Level 1  
  185  11:07  Drone x4  
  185  11:08  Drone  
  185  11:09  Spore Crawler  
  180  11:30  Hydralisk x4  
  180  11:31  Hydralisk x6  
  200  11:37  Hydralisk  
  200  11:38  Hydralisk x8  
  140  11:55  Corruptor x9  
  140  11:56  Corruptor  
  140  12:01  Corruptor x2  
  154  12:10  Corruptor x3  
  160  12:19  Corruptor x3  
Tags
 
Add a new tag
Caveats
  • Supply blocks, unpowered buildings, or Contaminate may cause inaccurate times.
  • Supply counts are checked every 10 seconds.